 Dungeon Crawl Stone Soup version 0.31-a0-96-g196d5507e3 (webtiles) character file.

Game seed: 4732442338040972841

14 Colgate the Grave Robber (level 2, -1/20 HPs)
             Began as a Meteoran Necromancer on May 26, 2023.
             Was a Follower of Lugonu.
             Slain by Natasha (8 damage)
             ... on level 3 of the Dungeon.
             The game lasted 00:03:18 (182 turns).

Colgate the Grave Robber (Meteoran Necromancer)      Turns: 182, Time: 00:03:19

Health: -1/20      AC:  2    Str:  9    XL:     2   Next: 76%
Magic:  2/7        EV: 12    Int: 16    God:    Lugonu [*.....]
Gold:   35         SH:  0    Dex: 14    Spells: 7/8 levels left

rFire   . . .        e - +0 whip
rCold   . . .        (no shield)
rNeg    . . .        a - +0 robe
rPois   .            (no helmet)
rElec   .            (no cloak)
rCorr   .            (no gloves)
SInv    .            (no boots)
Will    .....        (no amulet)
Stlth   +            (no ring)
HPRegen 0.23/turn    (no ring)
MPRegen 0.10/turn

%: no passive effects
@: glowing
A: sense surroundings 1, otherworldly, glowing, explore regen
a: Renounce Religion, Depart the Abyss


You were on level 3 of the Dungeon.
You worshipped Lugonu.
Lugonu was aware of your devotion.
You visited 1 branch of the dungeon, and saw 3 of its levels.

You collected 35 gold pieces.

Inventory:

Hand Weapons
 d - a +0 dagger
 e - a +0 whip (weapon)
Armour
 a - a +0 robe (worn)
Scrolls
 c - a scroll of identify {unknown}
Potions
 b - a potion of magic


   Skills:
 - Level 2.4 Dodging
 - Level 1.4 Stealth
 + Level 3.8 Spellcasting
 - Level 4.3 Necromancy


You had 7 spell levels left.
You knew the following spells:

 Your Spells              Type           Power      Damage    Failure   Level
a - Necrotise             Necr           68%        1d7       2%          1

Your spell library contained the following spells:

 Spells                   Type           Power      Damage    Failure   Level
 Vampiric Draining        Necr           17%        2d7       9%          3
 Animate Dead             Necr           17%        N/A       28%         4
 Agony                    Necr           17%        N/A       61%         5


Dungeon Overview and Level Annotations

Branches:
Dungeon (3/15) Zot: 1618

Altars:
Lugonu

Annotations:
D:3 Natasha


Innate Abilities, Weirdness & Mutations

You passively map a small area around you.
You are easily found by Zot.
You glow in the dark.
You regain HP and MP as you explore.


Message History

There is a stone staircase leading down here.
You climb downwards.
Your mindless puppet stays behind to rot.
There is a stone staircase leading up here.
Natasha, Servant of Life and Death comes into view.
She is carrying a wand of flame (8).
Found a buckler.
Natasha hisses angrily.
Natasha mumbles some strange words.
There is a stone staircase leading up here.
Found a metallic cyan potion.
Here: a cerulean imp, wielding a +0 spear (summoned)
The floor.
Unknown command.
The cerulean imp misses you. The cerulean imp barely misses you.
The cerulean imp disappears in a puff of smoke!
Aiming: Necrotise (safe; 2% risk of failure)
Aim: Natasha, carrying a wand of flame (8) (chance to affect: 75%) Natasha writhes in agony.
Natasha howls an incantation.
Natasha shimmers violently.
Natasha zaps a wand.
The puff of flame hits you!
Aiming: Necrotise (safe; 2% risk of failure)
Aim: Natasha, carrying a wand of flame (7) (moderately wounded, chance to affect: 75%) Natasha struggles to resist.
Natasha zaps a wand.
The puff of flame hits you!
* * * LOW HITPOINT WARNING * * *
Aiming: Necrotise (safe; 2% risk of failure)
Aim: Natasha, carrying a wand of flame (6) (moderately wounded, chance to affect: 75%) Natasha struggles to resist.
Aiming: Necrotise (safe; 2% risk of failure)
Aim: Natasha, carrying a wand of flame (6) (moderately wounded, chance to affect: 75%) Natasha struggles to resist.
You barely miss Natasha.
Natasha mumbles some strange words.
Aiming: Necrotise (safe; 2% risk of failure)
Aim: Natasha, carrying a wand of flame (6) (moderately wounded, chance to affect: 75%) Natasha writhes in agony.
Natasha claws you!
You die...

#.# , * #.# #.#
*, ⌠ ~~
#######.###.#.. *
#.<.5........#*
#.#####.##...[,,
#5#.....#*.# .
##.#.###.#..##.#
#...@###.§.....#
,
#..#.h.5........
#..#.##..#......
*
#....###.....###*
, #.##.# #..#.##
#. ##. .##..# #!
# # #.# #. *.# *
* # *


You could see Natasha and a cerulean imp (summoned).

Vanquished Creatures
  An endoplasm (D:1)
  2 goblins
  2 hobgoblins
  A quokka (D:1)
  A ball python (D:1)
  A frilled lizard (D:1)
  4 rats
12 creatures vanquished.

Vanquished Creatures (collateral kills)
  An endoplasm (D:1)
1 creature vanquished.

Grand Total: 13 creatures vanquished

Notes
Turn   | Place    | Note
-------+----------+-------------------------------------------
     0 | D:1      | Colgate the Meteoran Necromancer began the quest for the
                  | Orb.
     0 | D:1      | Reached XP level 1. HP: 14/14 MP: 5/5
    33 | D:1      | Reached XP level 2. HP: 20/20 MP: 0/7
    92 | D:2      | Found a faded altar of an unknown god.
    98 | D:2      | Prayed at the altar of an unknown god.
    98 | D:2      | Became a worshipper of Lugonu the Unformed
    98 | D:2      | Reached * piety under Lugonu
   158 | D:3      | Noticed Natasha
   182 | D:3      | Slain by Natasha

Illustrated notes

Levels and vault maps discovered:
D:1:      onia_arrival_handbag, layout_basic, grunt_decor_cap,
          patterned_corridor
D:2:      layout_basic, ebering_ecumenical_altar_abandoned, st_stairs_14,
          chequers_serial_rivers_room_b
D:3:      layout_loops_ring, nicolae_qazlal_general_emergency,
          lemuel_zombie_altar_yredelemnul, serial_shops,
          nicolae_shop_back_alley_shop, fountainhead, minivault_25,
          minmay_circle_x, uniq_terence, uniq_natasha, uniq_ijyb

Skill      XL: |  1 |
---------------+----+-----
Spellcasting   | 3 |  3.8
Dodging        | |  2.4
Stealth        | |  1.4
Necromancy     | |  4.3

Action                     || total
---------------------------++-------
  Melee: Whip              ||     2
   Cast: Necrotise         ||    25
  Dodge: Dodged            ||     2

Table legend: (Time is in decaauts)
 A = Elapsed time spent in this place.
 B = Non-inter-level travel time spent in this place.
 C = Inter-level travel time spent in this place.
 D = Time resting spent in this place.
 E = Time spent auto-exploring this place.
 F = Levels seen in this place.
 G = Mean time per level.
                   A        B        C        D        E       F      G
               +--------+--------+--------+--------+--------+-----+--------+
         Total |    180 |    180 |      0 |      0 |      0 |   3 |   60.0 |
       Dungeon |    180 |    180 |      0 |      0 |      0 |   3 |   60.0 |
               +--------+--------+--------+--------+--------+-----+--------+

Top non-repeatable levels by time:
     D:1: 91 daAuts
     D:2: 61 daAuts
     D:3: 27 daAuts
